AoeStats
← Aratrea

Arabia

504840396Analyzed
1v1 RM · 26d ago on Sep 6, 2026· 27m 12s· 2 players
Game mode
Random Map
Map size
Tiny (2 player)
Population
200
Speed
Normal
Resources
Standard
Victory
Conquest
Starting age
Dark Age
Ending age
Imperial Age
RankedLock teamsTeams togetherTeam positionsShared explorationLock speedFull tech treeHidden civsTurbo modeCheats
Victory
Defeat
🇦🇷 Franks · Argentina
903
+16
🇺🇸 Huns · United States
902
-38
Aratrea
3:26 Loom
11:30 Feudal Age
14:45 Double-Bit Axe
20:47 Castle Age
19:29 Stone Mining
20:05 Fletching
20:47 Padded Archer Armor
22:07 Bow Saw
22:20 Bodkin Arrow
23:40 Gold Mining
24:50 Pikeman
juani.sanpedro
2:41 Loom
10:20 Feudal Age
10:56 Double-Bit Axe
20:50 Castle Age
20:18 Forging
20:14 Scale Barding Armor
22:13 Husbandry
23:33 Wheelbarrow
24:31 Iron Casting
25:06 Town Watch
26:09 Chain Barding Armor
Connection lost

Rejoining the realm…

Still unreachable

The connection could not be restored.

Session expired

The server has moved on; the page needs a fresh start.